 Dungeon Crawl Stone Soup version 0.18-a0-775-g4d9e04e (webtiles) character file.

48 cluie the Insei (level 3, -1/30 HPs)
             Began as a Demonspawn Transmuter on Dec 13, 2015.
             Slain by an adder (2 damage)
             ... on level 2 of the Dungeon.
             The game lasted 00:01:14 (1130 turns).

cluie the Insei (Demonspawn Transmuter)             Turns: 1130, Time: 00:01:14

Health: -1/30      AC:  2    Str: 10    XL:     3   Next: 50%
Magic:  6/6        EV: 15    Int: 14    God:
Gold:   87         SH:  0    Dex: 14    Spells: 1 memorised, 5 levels left

rFire  + . .     SeeInvis .       - Unarmed
rCold  + . .     Clarity  .     b - +0 robe
rNeg   . . .     SustAt   .     (no shield)
rPois  +         Gourm    .     (no helmet)
rElec  +         Spirit   .     (no cloak)
rCorr  +         Dismiss  .     (no gloves)
rMut   .         Stasis   .     (no boots)
MR     .....                    (no amulet)
Stlth  ++........               (no ring)
                                (no ring)

@: lethally poisoned (-1 -> -8), resistant, not resistant to hostile
enchantments, unstealthy
A: demonic guardian 1, nightstalker 1
a: no special abilities


You were on level 2 of the Dungeon.
You were hungry.

You visited 1 branch of the dungeon, and saw 2 of its levels.

You collected 87 gold pieces.

Inventory:

Missiles
 a - 12 arrows
Armour
 b - a +0 robe (worn)
Scrolls
 e - 2 scrolls of fear {unknown}
 g - a scroll of identify {unknown}
 h - a scroll of blinking {unknown}
 i - a scroll of amnesia {unknown}
Potions
 k - a potion of resistance
 l - a potion of ambrosia {unknown}
 m - a potion of agility {unknown}
 n - a potion of curing {unknown}
Books
 c - a book of Changes

   Spells                             Type                      Level
   a - Beastly Appendage              Transmutation                1
   b - Sticks to Snakes               Transmutation                2
   c - Spider Form                    Transmutation/Poison         3
   d - Ice Form                       Ice/Transmutation            4
   e - Blade Hands                    Transmutation                5
Comestibles
 d - a bread ration
 f - a meat ration


   Skills:
 + Level 4.2 Fighting
 * Level 5.6 Dodging
 * Level 6.0 Unarmed Combat
 - Level 2.0 Spellcasting
 - Level 1.7 Transmutations


You had 5 spell levels left.
You knew the following spells:

 Your Spells              Type           Power        Failure   Level  Hunger
a - Beastly Appendage     Trmt           #.....       14%         1    ##.....


Dungeon Overview and Level Annotations

Branches:
Dungeon (2/15)

Altars:


Innate Abilities, Weirdness & Mutations

A weak demonic guardian rushes to your aid.
You are slightly more attuned to the shadows.


Message History

It was a potion of experience.
You feel more experienced!
Your Fighting skill gained 3 levels and is now at level 4!
Your Dodging skill gained 3 levels and is now at level 5!
Your Unarmed Combat skill gained 3 levels and is now at level 6!
You have reached level 3!
Your experience leads to an increase in your attributes!
Increase (S)trength, (I)ntelligence, or (D)exterity?
You feel agile.
Your demonic ancestry asserts itself...
You slip into the darkness of the dungeon.
* * * LOW HITPOINT WARNING * * *
You feel sick. The adder misses you.
Unknown command.
Unknown command.
Drink which item? (? for menu, Esc to quit)
It was a potion of resistance.
You feel protected.
* * * LOW HITPOINT WARNING * * *
You feel sick. The adder bites you.
You die...

# #.#.#.###+#.#
####.#.#.......##
.................
####.#.........# #
#.###.......# #
#.#.#.......# #
#.#.#.......# #
#.#<#.#####.#########
# #.#.#.# #.#@.......
# #.#)#.#
#.#S######### #
#.#...# #............
####.###.#
##.......### .....#
### #.......# ######
#.......# # #.......#
# #.......# #
#.......######


You could see an adder.

Vanquished Creatures
  2 giant geckos
  2 goblins (D:1)
  7 hobgoblins
  A kobold (D:2)
  5 rats (D:1)
17 creatures vanquished.

Notes
Turn   | Place    | Note
--------------------------------------------------------------
     0 | D:1      | cluie the Demonspawn Transmuter began the quest for the Orb.
     0 | D:1      | Reached XP level 1. HP: 15/15 MP: 3/3
   381 | D:1      | Gained mutation: A weak demonic guardian rushes to your aid. [demonic ancestry]
   381 | D:1      | Reached XP level 2. HP: 19/21 MP: 3/5
   853 | D:2      | Reached skill level 3 in Unarmed Combat
   943 | D:2      | HP: 1/21 [hobgoblin/club (3)]
  1129 | D:2      | Reached skill level 4 in Fighting
  1129 | D:2      | Reached skill level 5 in Dodging
  1129 | D:2      | Reached skill level 6 in Unarmed Combat
  1129 | D:2      | Gained mutation: You are slightly more attuned to the shadows. [demonic ancestry]
  1129 | D:2      | Reached XP level 3. HP: 3/30 MP: 6/6
  1130 | D:2      | HP: 1/30 [poisoned by an adder]
  1130 | D:2      | Slain by an adder

Vault maps used:
D:1:      mrwooster_arrival_statue_3
D:2:      minmay_stone_trees_small

Action                   || total
-------------------------++-------
Melee: Unarmed           ||    89
 Cast: Beastly Appendage ||     1
  Use: Potion            ||     2
 Stab: Sleeping          ||     3
